 Dungeon Crawl Stone Soup version 0.31-a0-1626-g5cb510d322 (webtiles) character file.

Game seed: 9232306999438784342

2965 bmb222 the Mimic (level 9, -1/74 HPs)
             Began as a Pale Draconian Shapeshifter on Jan 12, 2024.
             Killed by nerve-wracking pain
             ... invoked by a shadow imp
              (14 damage)
             ... on level 7 of the Dungeon.
             The game lasted 00:08:19 (8281 turns).

bmb222 the Mimic (Pale Draconian Shapeshifter)      Turns: 8281, Time: 00:08:20

Health: -1/74      AC:  7    Str: 18    XL:     9   Next: 52%
Magic:  9/9        EV: 14    Int: 10    God:
Gold:   567        SH:  0    Dex: 14    Spells: 8/8 levels left

rFire   . .          .
                       - Unarmed
rCold   . . .        (no shield)
rNeg    . . .        (body armour unavailable)
rPois   .            (helmet currently unavailable)
rElec   .            (cloak currently unavailable)
rCorr   .            (gloves currently unavailable)
SInv    .            (boots currently unavailable)
Will    .....        (no amulet)
Stlth   +            (no ring)
HPRegen 0.32/turn    (no ring)
MPRegen 0.11/turn

%: no passive effects
@: short of breath, beast-form
A: beast (slay +4), breathe steam, AC +7, unfitting armour, cold-blooded, steam
resistance
a: Breathe Steam, Begin Untransformation


You were on level 7 of the Dungeon.
You were a hulking beast.
You visited 2 branches of the dungeon, and saw 8 of its levels.
You also visited: Ossuary.

You collected 567 gold pieces.

Inventory:

Armour
 h - a +0 pair of gloves
Jewellery
 n - a ring of magical power
 z - a ring of wizardry
 B - an amulet of the acrobat
Talismans
 b - a beast talisman
 c - a flux talisman
 j - a maw talisman
Wands
 x - a wand of charming (3)
Scrolls
 d - a scroll of enchant weapon
 e - a scroll of immolation
 f - 2 scrolls of blinking
 g - 3 scrolls of teleportation
 i - a scroll of noise
 l - 2 scrolls of fog
 s - 2 scrolls of amnesia
 v - 2 scrolls of poison
 w - a scroll of enchant armour
 y - a scroll of vulnerability
 C - a scroll of revelation
Potions
 a - 4 potions of lignification
 k - a potion of cancellation {unknown}
 m - a potion of degeneration
 o - 2 potions of brilliance
 p - a potion of curing
 q - 2 potions of resistance {unknown}
 r - 2 potions of mutation {unknown}
 t - a potion of invisibility {unknown}
 u - a potion of might {unknown}


   Skills:
 - Level 5.5 Fighting
 - Level 5.0 Dodging
 - Level 5.9 Unarmed Combat
 * Level 9.6 Shapeshifting


You had 8 spell levels left.
You didn't know any spells.
Your spell library contained the following spells:

 Spells                   Type           Power      Damage    Failure   Level
 Foxfire                  Conj/Fire      0%         2x1d4     36%         1
 Necrotise                Necr           0%         1d4       36%         1
 Lesser Beckoning         Tloc           0%         N/A       50%         2
 Momentum Strike          Conj/Tloc      0%         3d8       50%         2
 Scorch                   Fire           0%         2d5       50%         2
 Vampiric Draining        Necr           0%         2d6       75%         3
 Flame Wave               Conj/Fire      0%         2d4       98%         4
 Vhi's Electric Charge    Tloc/Air       0%         N/A       98%         4
 Plasma Beam              Fire/Air       0%         2x1d10    100%        6
 Starburst                Conj/Fire      0%         6d3       100%        6
 Summon Cactus Giant      Summ           0%         N/A       100%        6


Dungeon Overview and Level Annotations

Branches:
Dungeon (7/15)             Temple (1/1) D:5         Ossuary (visited)

Altars:
Ashenzari
Dithmenos
Elyvilon
Fedhas
Kikubaaqudgha
Makhleb
Okawaru
Qazlal
Ru
Sif Muna
Trog
Vehumet
Wu Jian
Yredelemnul
Zin

Shops:
D:5 *   D:6 (

Annotations:
D:4 Blork the orc, Eustachio
D:7 3 runed translucent doors


Innate Abilities, Weirdness & Mutations

You are a hulking beast.
Your limbs bulge with bestial killing power. (Slay +4)
You can breathe blasts of scalding, opaque steam.
Your pale cyan-grey scales are hard. (AC +7)
You cannot fit into any form of body armour.
You are cold-blooded and may be slowed by cold attacks.
You are immune to the effects of steam.


Message History

The shadow imp gestures at you.
You struggle to resist.
An orc priest comes into view. It is wielding a +0 flail.
There are monsters nearby!
You barely miss the shadow imp. The shadow imp misses you.
The orc priest calls down the wrath of Beogh upon you.
Beogh smites you!
There are monsters nearby!
You barely miss the shadow imp. The shadow imp hits you.
An orc warrior comes into view. It is wielding a +0 war axe.
There are monsters nearby!
There are monsters nearby!
You punch the shadow imp!
The shadow imp is almost dead.
The shadow imp closely misses you.
The orc priest invokes the aid of Beogh against you.
Beogh smites you! The orc hits you with a +0 flail.
The orc priest invokes the aid of Beogh against you.
Beogh smites you!
* * * LOW HITPOINT WARNING * * *
Aiming: Breathe Steam (1% risk of failure)
Press: ? - help, Shift-Dir - straight line, f - orc priest
Aim: an orc priest, wielding a +0 mace (71% to hit)
You exhale a blast of scalding steam.
The ball of steam misses the orc.
The shadow imp gestures at you. Pain shoots through your body!
* * * LOW HITPOINT WARNING * * *
You feel a bit more experienced. x2
The orc is engulfed in a cloud of scalding steam.
The orc hits you with a +0 flail.
* * * LOW HITPOINT WARNING * * *
You hit the shadow imp but do no damage.
The shadow imp is almost dead.
The shadow imp barely misses you.
The orc is engulfed in a cloud of scalding steam.
The orc misses you.
You feel better. The shadow imp gestures at you. Pain shoots through your body!
You die...

####..###..#
.#####..####...##
....)........###
..#...#.###.##
............#
###.....#####
##..#.###
#...#...######
#.# ###hoo§oo# #.
#..5####.# #
#.... ....###
.#.#. # #.#. # #.
#.


You could see an orc warrior, a shadow imp and an orc.

Vanquished Creatures
  A cyclops (D:6)
  4 water moccasins (D:6)
  An ice beast (D:6)
  An orc warrior (D:6)
  4 black bears
  A sky beast (D:5)
  2 centaurs
  A bullfrog (D:6)
  2 scorpions
  3 vampire bats (D:5)
  A howler monkey (D:5)
  A jelly (D:6)
  2 bombardier beetles
  6 orc priests
  A gnoll bouda (D:6)
  A hound (D:5)
  A sleepcap (Temple)
  Jessica (D:2)
  5 iguanas
  2 orc wizards
  8 mummies (Ossuary)
  13 gnolls
  14 adders
  A white imp (D:6)
  2 ufetubi (D:5)
  2 ribbon worms (D:2)
  2 dart slugs
  25 orcs
  3 bat skeletons (D:5)
  3 bat zombies (D:5)
  9 endoplasms
  2 giant cockroaches
  2 gnoll zombies (Ossuary)
  5 goblins
  5 hobgoblins
  2 jackals (D:3)
  5 kobolds
  5 quokkas
  8 ball pythons
  8 bats
  A frilled lizard (D:2)
  2 hobgoblin zombies (Ossuary)
  3 kobold zombies (Ossuary)
  An orc zombie (Ossuary)
  4 rats
176 creatures vanquished.

Notes
Turn   | Place    | Note
-------+----------+-------------------------------------------
     0 | D:1      | bmb222 the Draconian Shapeshifter began the quest for the
                  | Orb.
     0 | D:1      | Reached XP level 1. HP: 16/16 MP: 1/1
   119 | D:1      | Reached XP level 2. HP: 23/23 MP: 2/2
   872 | D:2      | Noticed Jessica
   882 | D:2      | Killed Jessica
   883 | D:2      | Reached XP level 3. HP: 5/29 MP: 3/3
  1113 | D:2      | Reached XP level 4. HP: 26/36 MP: 4/4
  2631 | D:3      | Reached XP level 5. HP: 40/40 MP: 5/5
  2837 | D:3      | Found a radiant altar of Vehumet.
  2854 | D:3      | Found a blossoming altar of Fedhas.
  2859 | D:3      | Found a sacrificial altar of Ru.
  3297 | D:3      | Reached skill level 4 in Shapeshifting
  3334 | D:3      | Got Helasoni's Lectures on Sepulchral Space
  3731 | D:4      | Found a sand-covered staircase.
  3736 | Ossuary  | Entered an ossuary
  4090 | Ossuary  | Reached XP level 6. HP: 36/51 MP: 6/6
  4893 | D:4      | Noticed Blork the orc
  5158 | D:4      | Found an iron altar of Okawaru.
  5188 | D:4      | Noticed Eustachio
  5217 | D:5      | Entered Level 5 of the Dungeon
  5433 | D:5      | Your scales start taking on a pale cyan-grey colour.
  5433 | D:5      | Reached XP level 7. HP: 33/58 MP: 7/7
  5433 | D:5      | Gained mutation: You are immune to the effects of steam.
                  | [Pale Draconian growth]
  5496 | D:5      | Found Zikkeges's General Store.
  5505 | D:5      | Reached skill level 5 in Shapeshifting
  5811 | D:5      | Found a staircase to the Ecumenical Temple.
  5830 | Temple   | Entered the Ecumenical Temple
  5967 | D:5      | Found an ancient bone altar of Kikubaaqudgha.
  5974 | D:5      | Reached skill level 5 in Unarmed Combat
  6183 | D:5      | Reached skill level 6 in Shapeshifting
  6183 | D:5      | Reached XP level 8. HP: 42/67 MP: 8/8
  6312 | D:5      | Found a basalt altar of Yredelemnul.
  6447 | D:5      | Reached skill level 5 in Fighting
  7220 | D:6      | Reached skill level 7 in Shapeshifting
  7260 | D:6      | Found Qochoum's Antique Weapon Emporium.
  7308 | D:6      | Found a shimmering blue altar of Sif Muna.
  7316 | D:6      | Reached skill level 5 in Dodging
  7322 | D:6      | Found a bloodstained altar of Trog.
  7413 | D:6      | Got Sif Muna's Cyclopedia of Direction
  7688 | D:6      | Reached XP level 9. HP: 67/74 MP: 9/9
  7718 | D:6      | Reached skill level 8 in Shapeshifting
  7832 | D:6      | Noticed a cyclops
  7841 | D:6      | Killed a cyclops
  7842 | D:6      | Reached skill level 9 in Shapeshifting
  8139 | D:7      | Found a runed translucent gate.
  8139 | D:7      | Found a runed translucent gate.
  8139 | D:7      | Found a runed translucent gate.
  8281 | D:7      | Killed from afar by a shadow imp

Illustrated notes

Levels and vault maps discovered:
D:1:      scummos_arrival_simple_crosswalls, layout_basic, kennysheep_boxes
D:2:      minmay_skewed_foursquare, layout_basic, uniq_jessica
D:3:      layout_loops_corners, minmay_overflow_temple_star_quad,
          minmay_randomly_rotated_circles
D:4:      layout_basic, nicolae_hepliaklqana_hippocampus,
          mainiacjoe_overflow_alcove_4, enter_ossuary_5,
          minmay_tree_intersection, uniq_crazy_yiuf_cottage, uniq_pikel,
          uniq_blork_the_orc, uniq_eustachio
D:5:      layout_basic, mainiacjoe_overflow_concentric_impassable,
          kennysheep_vampire_church, minmay_temple_entry_junction, serial_shops,
          shop, minmay_statues_item, st_stairs_8, serial_bayou_crossing
D:6:      cheibrodos_barr_body, layout_loops_ring,
          nzn_overflow_gifts_of_might_and_magic, serial_shops,
          nicolae_shop_rolling_square, grunt_decor_one_mirror
D:7:      layout_loops_ring, mainiacjoe_overflow_catch_the_wave,
          gammafunk_ghost_icy, hangedman_decor_opposing, grunt_tough_drop
Temple:   nicolae_temple_ecumenical_triangle

Skill      XL: |  1  2  3  4  5  6  7  8  9 |
---------------+----------------------------+-----
Dodging        | 2 3 4 5 |  5.0
Fighting       | 2 3 4 5 |  5.5
Unarmed Combat | 4 5 |  5.9
Shapeshifting  | 4 6 7 9 |  9.6

Action                     |  1- 3 |  4- 6 |  7- 9 || total
---------------------------+-------+-------+-------++-------
  Melee: Unarmed           |    72 |   264 |   200 ||   536
         Punch             |     2 |     3 |     9 ||    14
         Tailslap          |    11 |    37 |    31 ||    79
Ability: Breathe Steam     |       |       |    11 ||    11
    Use: Scroll            |       |    14 |     2 ||    16
         Potion            |       |     1 |     3 ||     4
   Stab: Sleeping          |       |     1 |       ||     1
 Armour: Skin              |    28 |   179 |   153 ||   360
  Dodge: Dodged            |    52 |   175 |   158 ||   385

Table legend: (Time is in decaauts)
 A = Elapsed time spent in this place.
 B = Non-inter-level travel time spent in this place.
 C = Inter-level travel time spent in this place.
 D = Time resting spent in this place.
 E = Time spent auto-exploring this place.
 F = Levels seen in this place.
 G = Mean time per level.
                   A        B        C        D        E       F      G
               +--------+--------+--------+--------+--------+-----+--------+
         Total |   8243 |   8068 |    175 |   2046 |   4744 |   9 |  915.9 |
       Dungeon |   7455 |   7280 |    175 |   1569 |   4635 |   7 | 1065.0 |
        Temple |     27 |     27 |      0 |      0 |      0 |   1 |   27.0 |
       Ossuary |    761 |    761 |      0 |    477 |    109 |   1 |  761.0 |
               +--------+--------+--------+--------+--------+-----+--------+

Top non-repeatable levels by time:
     D:3: 1502 daAuts
     D:5: 1467 daAuts
     D:2: 1450 daAuts
     D:6: 1406 daAuts
     D:4: 805 daAuts
 Ossuary: 761 daAuts
     D:1: 678 daAuts
     D:7: 146 daAuts
  Temple: 27 daAuts
